 Dungeon Crawl Stone Soup version 0.28.0-45-g0d030f2227 (webtiles) character file.

Game seed: 2919752453221564688

69 seaoflcl the Skirmisher (level 4, -3/42 HPs)
             Began as a Naga Fighter on Apr 24, 2022.
             Slain by an ogre
             ... wielding a +0 giant spiked club
              (15 damage)
             ... on level 3 of the Dungeon.
             The game lasted 00:02:29 (2399 turns).

seaoflcl the Skirmisher (Naga Fighter)              Turns: 2399, Time: 00:02:29

Health: -3/42      AC:  5    Str: 21    XL:     4   Next: 20%
Magic:  4/4        EV:  7    Int:  8    God:
Gold:   54         SH:  4    Dex: 10    Spells: 3/3 levels left

rFire   . . .      SeeInvis +   a - +0 long sword
rCold   . . .      Faith    .   c - +0 buckler
rNeg    . . .      Spirit   .   b - +0 scale mail
rPois   +          Reflect  .   (no helmet)
rElec   .          Harm     .   (no cloak)
rCorr   .          Rampage  .   (no gloves)
Will    .....                   (no barding)
Stlth   ..........              (no amulet)
HPRegen 0.14/turn               (no ring)
MPRegen 0.09/turn               (no ring)

@: very slow
A: AC +1, large, see invisible, deformed body, poison resistance, slowness 2,
spit poison 1, naga tail 1
a: Spit Poison


You were on level 3 of the Dungeon.
You visited 1 branch of the dungeon, and saw 4 of its levels.

You collected 54 gold pieces.

Inventory:

Hand Weapons
 a - a +0 long sword (weapon)
 k - a +0 hunting sling
Armour
 b - a +0 scale mail (worn)
 c - a +0 buckler (worn)
 j - an orb of mayhem
Scrolls
 e - 2 scrolls of enchant armour {unknown}
 f - a scroll of holy word {unknown}
 g - 2 scrolls of identify {unknown}
 i - a scroll of fear {unknown}
 l - a scroll of noise {unknown}
 n - a scroll of magic mapping {unknown}
Potions
 d - a potion of might
 h - 2 potions of curing {unknown}
 m - a potion of brilliance {unknown}


   Skills:
 + Level 3.4 Fighting
 + Level 2.7 Long Blades
 + Level 2.8 Armour
 + Level 1.2 Stealth
 + Level 2.9 Shields


You had 3 spell levels left.
You didn't know any spells.
Your spell library contained the following spells:

 Spells                   Type           Power      Damage    Failure   Level
 Blink                    Tloc           0%         N/A       92%         2
 Lesser Beckoning         Tloc           0%         N/A       99%         3
 Manifold Assault         Tloc           0%         N/A       100%        5


Dungeon Overview and Level Annotations

Branches:
Dungeon (4/15)
 Temple: D:4-7

Altars:


Innate Abilities, Weirdness & Mutations

Your serpentine skin is tough. (AC +1)
You have supernaturally acute eyesight. (SInv)
Armour fits poorly on your strangely shaped body.
Your system is resistant to poisons. (rPois)
You cover ground very slowly.
You can spit poison.
You have a snake-like lower body.


Message History

The giant cockroach bites you but does no damage.
You slash the giant cockroach!
You kill the giant cockroach!
No target in view!
No target in view!
No target in view!
No target in view!
No target in view!
No target in view!
You see here 19 stones.
You now have 54 gold pieces (gained 6).
n - a scroll labelled CAGADUFALI
There is an open door here.
Done exploring.
Done exploring.
No target in view!
Done exploring.
Done exploring.
(D) Dungeon
Where to? (Enter - D:3, ? - help)
There is an open door here.
There is a stone staircase leading down here.
You climb downwards.
Found a rapier.
There is a stone staircase leading up here.
An ogre comes into view. It is wielding a +0 giant spiked club.
Found a scroll labelled OMNIMO KAON.
The ogre shouts!
An endoplasm comes into view.
The ogre hits you with a +0 giant spiked club!!
Ouch! That really hurt!
* * * LOW HITPOINT WARNING * * *
The endoplasm quivers.
You block the ogre's attack. The ogre barely misses you.
There is a stone staircase leading up here.
You climb upwards.
There is a stone staircase leading down here.
The ogre hits you with a +0 giant spiked club!
You die...

#########
#.......##########
#######.......##........
#.............##........
#............)..........
#......###..............
#......O.+..............
#......@##..............
###+#...##..............
#.....##...[..........
###.#.##..............
#.#.########........
#.#........'........
#.##########........ #.#
#........ ####'######
#........


You could see an ogre.

Vanquished Creatures
  An adder (D:2)
  3 worms
  A dart slug (D:2)
  3 endoplasms
  A giant cockroach (D:3)
  4 goblins
  7 hobgoblins
  5 kobolds
  3 quokkas
  2 ball pythons (D:1)
  5 bats
  8 frilled lizards
  4 rats
47 creatures vanquished.

Notes
Turn   | Place    | Note
-------+----------+-------------------------------------------
     0 | D:1      | seaoflcl the Naga Fighter began the quest for the Orb.
     0 | D:1      | Reached XP level 1. HP: 21/21 MP: 1/1
   248 | D:1      | Reached XP level 2. HP: 27/28 MP: 2/2
   965 | D:1      | Reached XP level 3. HP: 34/34 MP: 3/3
  1415 | D:2      | Reached skill level 1 in Stealth
  1870 | D:3      | Reached XP level 4. HP: 42/42 MP: 4/4
  2386 | D:4      | Noticed an ogre
  2399 | D:3      | Slain by an ogre

Illustrated notes

Levels and vault maps discovered:
D:1:      heliophobic_arrival_battle_scene, layout_basic
D:2:      layout_rooms
D:3:      layout_basic
D:4:      layout_rooms, chequers_serial_rivers_small_b

Skill      XL: |  1  2  3 |
---------------+----------+-----
Stealth        | 1 |  1.2
Fighting       | |  3.4
Long Blades    | |  2.7
Armour         | |  2.8
Shields        | |  2.9

Action                   |  1- 3 |  4- 6 || total
-------------------------+-------+-------++-------
Melee: Long sword        |   102 |    27 ||   129
 Abil: Spit Poison       |     2 |       ||     2
Armor: Scale mail        |    60 |    18 ||    78
Dodge: Dodged            |    32 |     8 ||    40
Block: Buckler           |    24 |     3 ||    27
